 Dungeon Crawl Stone Soup version 0.31-a0-1098-g6898e6545c (webtiles) character file.

Game seed: 6125849753643344867

57686 ChronoRanger the Slayer (level 14, 0/151 HPs)
             Began as a Minotaur Fighter on Nov 30, 2023.
             Was the Champion of Okawaru.
             Slain by Sonja
             ... wielding a +1 short sword of distortion
              (8 damage)
             ... on level 13 of the Dungeon.
             The game lasted 01:26:41 (24011 turns).

ChronoRanger the Slayer (Minotaur Fighter)         Turns: 24011, Time: 01:26:43

Health: 0/151      AC:  0    Str: 25    XL:     14   Next: 46%
Magic:  0/13       EV: 18    Int:  8    God:    Okawaru [******]
Gold:   2482       SH:  0    Dex: 11    Spells: 13/13 levels left

rFire   . . .        m - melded +3 trident (venom)
rCold   . . .        N - melded +2 kite shield {AC+3}
rNeg    . . .        z - melded +6 plate armour of the Butcher {rElec Will+}
rPois   .            B - melded +2 hat
rElec   .            n - melded +0 cloak {Will+}
rCorr   .            p - melded +1 pair of gloves
SInv    .            (boots currently unavailable)
Will    +....        u - amulet of Democracy {Spirit Int+3}
Stlth   +            M - melded ring "Amiusics" {EV+5 Str+3 Dex+3}
HPRegen 0.45/turn    l - melded ring of see invisible
MPRegen 0.13/turn

%: guardian spirit
@: lethally poisoned (0 -> -4), pig-form, slowed
A: fast, no casting, small, (horns 2), (retaliatory headbutt)
a: Renounce Religion, Heroism, Finesse, Duel, Receive Weapon, Receive Armour


You were on level 13 of the Dungeon.
You worshipped Okawaru.
Okawaru was exalted by your worship.
You were a filthy swine.
You visited 4 branches of the dungeon, and saw 21 of its levels.
You also visited: Bailey.

You collected 2482 gold pieces.

Inventory:

Hand Weapons
 b - a +3 trident
 m - a +3 trident of venom (melded)
 H - a +2 trident of flaming
Missiles
 F - 17 silver javelins
Armour
 n - a +0 cloak of willpower (melded)
 p - a +1 pair of gloves (melded)
 z - the +6 plate armour of the Butcher (melded) {rElec Will+}
   (You found it on level 7 of the Dungeon)

   rElec:     It insulates you from electricity.
   Will+:     It increases your willpower.
 B - a +2 hat (melded)
 N - a +2 kite shield of protection (melded)
 O - a +1 cloak
 P - a +2 tower shield of reflection
Jewellery
 l - a ring of see invisible (melded)
 u - the amulet of Democracy (around neck) {Spirit Int+3}
   (You found it on level 5 of the Dungeon)

   [amulet of guardian spirit]

   Spirit:    It causes incoming damage to be divided between your reserves of
   health and magic.
   Int+3:     It affects your intelligence (+3).
 M - the ring "Amiusics" (melded) {EV+5 Str+3 Dex+3}
   (You found it on level 1 of the Lair of Beasts)

   [ring of evasion]

   EV+5:      It affects your evasion (+5).
   Str+3:     It affects your strength (+3).
   Dex+3:     It affects your dexterity (+3).
Wands
 d - a wand of polymorph (13)
 s - a wand of charming (27)
 t - a wand of flame (68) (quivered)
 v - a wand of light (5)
 K - a wand of roots (10)
 L - a wand of mindburst (6)
Scrolls
 a - a scroll of brand weapon
 e - 2 scrolls of fog
 x - a scroll of immolation
 y - 5 scrolls of poison
 A - 5 scrolls of enchant armour
 E - 2 scrolls of fear
 I - 3 scrolls of teleportation
 J - a scroll of revelation
Potions
 f - a potion of ambrosia {unknown}
 g - 5 potions of curing
 h - 4 potions of magic
 i - 5 potions of mutation
 j - 5 potions of brilliance
 k - 3 potions of enlightenment
 o - 5 potions of haste
 q - a potion of attraction {unknown}
 r - 3 potions of resistance
 w - 4 potions of heal wounds
 C - 2 potions of lignification
 D - a potion of might
 G - a potion of berserk rage {unknown}


   Skills:
 + Level 21.4 Fighting
 - Level 14.0 Polearms
 - Level 3.9 Throwing
 + Level 10.8 Armour
 + Level 10.7 Dodging
 - Level 10.0 Shields
 - Level 5.0 Evocations


You had 13 spell levels left.
You didn't know any spells.
Your spell library contained the following spells:

 Spells                   Type           Power      Damage    Failure   Level
 Apportation              Tloc           0%         N/A       41%         1
 Magic Dart               Conj           0%         1d3       41%         1
 Cigotuvi's Dreadful Rot  Necr/Pois/Air  0%         N/A       54%         2
 Ensorcelled Hibernation  Hex/Ice        0%         N/A       54%         2
 Jinxbite                 Hex            0%         N/A       54%         2
 Searing Ray              Conj           0%         2d4       54%         2
 Wereblood                Tmut           0%         N/A       54%         2
 Frozen Ramparts          Ice            0%         1d1       78%         3
 Hailstorm                Conj/Ice       0%         3d3       78%         3
 Ignite Poison            Fire/Tmut/Pois 0%         N/A       78%         3
 Mephitic Cloud           Conj/Pois/Air  0%         N/A       78%         3
 Volatile Blastmotes      Fire/Tloc      0%         2d10      78%         3
 Anguish                  Hex/Necr       0%         N/A       99%         4
 Dispel Undead            Necr           0%         3d6       99%         4
 Fulminant Prism          Conj/Hex       0%         3d5       99%         4
 Iskenderun's Mystic Bla  Conj/Tloc      0%         2d3       99%         4
 Petrify                  Tmut/Erth      0%         N/A       99%         4
 Vhi's Electric Charge    Tloc/Air       0%         N/A       99%         4
 Alistair's Intoxication  Tmut/Pois      0%         N/A       100%        5
 Arcjolt                  Conj/Air       0%         1d10      100%        5
 Freezing Cloud           Conj/Ice/Air   0%         6-21      100%        5
 Irradiate                Conj/Tmut      0%         3d11      100%        5
 Lee's Rapid Deconstruct  Erth           0%         3d4*      100%        5
 Metabolic Englaciation   Hex/Ice        0%         N/A       100%        5
 Plasma Beam              Fire/Air       0%         2x1d10    100%        6
 Call Imp                 Summ           Unusable   N/A       N/A         2
 Animate Armour           Summ/Erth      Unusable   N/A       N/A         4
 Summon Ice Beast         Ice/Summ       Unusable   N/A       N/A         4
 Summon Lightning Spire   Summ/Air       Unusable   N/A       N/A         4
 Death Channel            Necr           Unusable   N/A       N/A         6
 Simulacrum               Ice/Necr       Unusable   N/A       N/A         6

Dungeon Overview and Level Annotations

Branches:
Dungeon (13/15)            Temple (1/1) D:7            Lair (5/5) D:10
  Swamp (0/4) Lair:3       Spider (0/4) Lair:2        Slime (0/5) Lair:5
    Orc (2/2) D:12            Elf (0/3) Orc:2        Bailey (visited)
 Vaults: D:13-14

Altars:
Ashenzari
Cheibriados
Dithmenos
Elyvilon
Fedhas
Gozag
Hepliaklqana
Kikubaaqudgha
Makhleb
Nemelex Xobeh
Okawaru
Qazlal
Ru
Sif Muna
Trog
Uskayaw
Vehumet
Wu Jian
Xom
Yredelemnul
Zin
The Shining One
Jiyva

Shops:
D:5 (   D:8 (   D:12 (   Orc:2 [([=

Annotations:
D:9 3 runed translucent doors, Vontreibholz's ghost, journeyman HOFi
D:10 3 runed translucent doors, exclusion: orange crystal statue, utbildad's ghost, journeyman OpEE
D:13 Kirke; Sonja


Innate Abilities, Weirdness & Mutations

You are a filthy swine.
You move quickly.
Your equipment is almost entirely melded.
You are incapable of wielding weapons or throwing items.
You cannot cast spells.
((You have a pair of horns on your head.))
((You reflexively headbutt those who attack you in melee.))


Message History

Sonja hits you with a +1 short sword of distortion.
Space warps around you.
Sonja hits you with a +1 short sword of distortion.
Space warps around you. Sonja completely misses you.
Kirke mumbles some strange words.
Kirke summons a lindwurm!
The hog bites you.
* * * LOW HITPOINT WARNING * * *
Sonja hits you with a +1 short sword of distortion!
* * * LOW HITPOINT WARNING * * *
Sonja hits you with a +1 short sword of distortion.
* * * LOW HITPOINT WARNING * * *
Space warps horribly around you!
* * * LOW HITPOINT WARNING * * *
Sonja hits you with a +1 short sword of distortion.
* * * LOW HITPOINT WARNING * * *
You blink.
The wraith misses you.
You are too injured to fight recklessly!
Blink to where?
Press: ? - help, Dir - move target
As you read the scroll of blinking, it crumbles to dust.
You feel very sick.
Sonja shouts, "Hah!
Missed me again!"
Sonja gestures wildly while chanting.
Sonja blinks!
The hog bites you!
* * * LOW HITPOINT WARNING * * *
You feel very sick. The hog bites you!
* * * LOW HITPOINT WARNING * * *
Sonja shouts, "Hah!
Missed me again!"
Sonja misses you.
Sonja hits you with a +1 short sword of distortion!
* * * LOW HITPOINT WARNING * * *
Space warps horribly around you!
* * * LOW HITPOINT WARNING * * *
Sonja misses you. The hog closely misses you. The hog misses you.
Kirke mumbles some strange words.
Kirke summons a lindwurm!
Sonja hits you with a +1 short sword of distortion!
You die...
Sonja takes a bow.

... ...####
.....k.
.......
#..h@##+####
#..k.h.....#
##+##......#
#.WhK..#
+..hh..#
#......#
####+###


You could see Kirke, 2 lindwurms, 4 hogs, a wraith and Sonja.

Vanquished Creatures
  Gastronok (D:8)
  An orc warlord (Bailey)
  A minotaur (Lair:1)
  A dire elephant (Lair:5)
  Josephine (D:10)
  2 catoblepae
  2 hydras (Lair:5)
  The ghost of pzskc383 the Cleaver, a journeyman GrFi of Okawaru (Lair:1)
  6 death yaks (Lair:5)
  A deep troll shaman (Lair:5)
  5 two-headed ogres
  2 orc high priests
  4 orc knights
  A bog body (Lair:3)
  2 deep elf pyromancers (Orc:2)
  Maurice (Orc:2)
  A cyclops (D:12)
  8 elephants
  5 black mambas
  2 gargoyles (D:11)
  7 cane toads
  2 rime drakes
  13 komodo dragons
  Jeremiah (D:8)
  2 kobold demonologists
  Maggie (D:8)
  3 kobold blastminers
  6 trolls
  3 polar bears
  A hornet (D:8)
  8 blink frogs
  6 dream sheep (Lair:5)
  3 jumping spiders (Lair:2)
  Sigmund (D:2)
  A slime creature (D:12)
  2 culicivoras (Lair:2)
  A culicivora (shapeshifter) (D:10)
  A shadow (D:12)
  A fire elemental (D:9)
  4 wraiths
  32 yaks
  Grum (D:10)
  2 basilisks
  3 wyverns
  2 steam dragons
  Menkaure (D:5)
  4 fire bats (D:9)
  2 redbacks (Lair:2)
  4 vampire mosquitoes (D:11)
  3 wargs
  2 acid dragons
  6 water moccasins
  A hell hound (D:9)
  Duvessa (D:3)
  2 ice beasts
  A swamp drake (Orc:2)
  43 orc warriors
  A black bear (D:3)
  A sky beast (D:6)
  23 wolves
  9 ogres
  7 centaurs
  A kobold brigand (D:10)
  Blork the orc (D:5)
  10 bullfrogs
  2 scorpions
  3 wights (D:10)
  Dowan (D:4)
  11 killer bees (D:8)
  2 howler monkeys
  An electric eel (D:6)
  A crimson imp (Orc:2)
  2 lava snakes (D:9)
  An iron imp (Orc:2)
  6 jellies
  4 hounds
  A gnoll bouda (D:7)
  14 orc priests
  Crazy Yiuf (D:2)
  Ijyb (D:4)
  8 hell rats
  2 iguanas
  A sleepcap (D:8)
  19 orc wizards
  6 gnolls
  6 adders
  A shadow imp (Orc:2)
  2 white imps
  8 dart slugs
  65 orcs
  6 ball pythons
  7 bats
  4 endoplasms
  7 giant cockroaches
  12 hobgoblins
  3 jackals (D:5)
  24 kobolds
  5 quokkas
  5 frilled lizards
  17 goblins
  7 rats
  A spectral kobold (D:9)
545 creatures vanquished.

Vanquished Creatures (others)
  2 orcs (Orc:2)
2 creatures vanquished.

Grand Total: 547 creatures vanquished

Notes
Turn   | Place    | Note
-------+----------+-------------------------------------------
     0 | D:1      | ChronoRanger the Minotaur Fighter began the quest for the
                  | Orb.
     0 | D:1      | Reached XP level 1. HP: 19/19 MP: 0/0
   242 | D:1      | Reached XP level 2. HP: 27/27 MP: 1/1
   576 | D:1      | Reached XP level 3. HP: 33/33 MP: 2/2
   585 | D:1      | Reached skill level 4 in Fighting
  1165 | D:2      | Reached XP level 4. HP: 30/40 MP: 3/3
  1313 | D:2      | Found a shadowy altar of Dithmenos.
  1475 | D:2      | Noticed Sigmund
  1483 | D:2      | Killed Sigmund
  1484 | D:2      | Reached skill level 5 in Polearms
  1484 | D:2      | Reached XP level 5. HP: 47/47 MP: 4/4
  1666 | D:2      | Found a runed translucent door.
  1667 | D:2      | Noticed Crazy Yiuf
  1855 | D:2      | Killed Crazy Yiuf
  1856 | D:2      | Reached XP level 6. HP: 11/55 MP: 1/5
  2212 | D:3      | Reached skill level 5 in Armour
  2291 | D:3      | Reached skill level 5 in Fighting
  2298 | D:3      | Reached skill level 5 in Shields
  2624 | D:3      | Found a snail-covered altar of Cheibriados.
  2646 | D:3      | Found a blossoming altar of Fedhas.
  3238 | D:4      | Noticed Dowan
  3239 | D:4      | Noticed Duvessa
  3310 | D:3      | Reached XP level 7. HP: 60/61 MP: 6/6
  3660 | D:4      | Noticed Ijyb
  3666 | D:4      | Killed Ijyb
  3907 | D:4      | Killed Dowan
  3962 | D:3      | Killed Duvessa
  4272 | D:5      | Entered Level 5 of the Dungeon
  4346 | D:5      | Reached skill level 6 in Fighting
  4365 | D:5      | Identified the +4 mace of Gluttony {venom, rElec}
  4457 | D:5      | Found Gajyttoz's Weapon Boutique.
  4647 | D:5      | Identified the amulet of Democracy {Spirit Int+3}
  4863 | D:5      | Noticed Blork the orc
  4881 | D:5      | Killed Blork the orc
  4905 | D:5      | Noticed Menkaure
  4918 | D:5      | Killed Menkaure
  4919 | D:5      | Reached XP level 8. HP: 32/71 MP: 3/7
  5577 | D:6      | Found a burning altar of Makhleb.
  5645 | D:6      | Found a glowing silver altar of Zin.
  5789 | D:6      | Got the Volume of Posthumous Therianthropy
  5995 | D:6      | Reached skill level 7 in Fighting
  6455 | D:7      | Identified the +6 plate armour of the Butcher {rElec Will+}
  6796 | D:7      | Found a staircase to the Ecumenical Temple.
  6809 | Temple   | Entered the Ecumenical Temple
  6815 | Temple   | Became a worshipper of Warmaster Okawaru
  7106 | D:8      | Found Sighiten's Weapon Shop.
  7136 | D:8      | Reached XP level 9. HP: 80/80 MP: 8/8
  7171 | D:8      | Reached skill level 10 in Polearms
  7183 | D:8      | Noticed a two-headed ogre
  7192 | D:8      | Killed a two-headed ogre
  7192 | D:8      | Reached * piety under Okawaru
  7193 | D:8      | Reached skill level 8 in Fighting
  7478 | D:8      | Noticed Maggie
  7498 | D:8      | Killed Maggie
  7550 | D:8      | Reached ** piety under Okawaru
  7551 | D:8      | Reached skill level 9 in Fighting
  7640 | D:8      | Identified a scroll of acquirement
  7640 | D:8      | Acquired a manual of Fighting
  7774 | D:8      | Noticed Gastronok
  7776 | D:8      | Noticed Jeremiah
  7795 | D:8      | Killed Gastronok
  7795 | D:8      | Reached *** piety under Okawaru
  7796 | D:8      | Reached skill level 10 in Fighting
  7796 | D:8      | Reached XP level 10. HP: 39/93 MP: 4/9
  7880 | D:8      | Killed Jeremiah
  8496 | D:9      | Reached **** piety under Okawaru
  8497 | D:9      | Reached skill level 10 in Armour
  8504 | D:9      | Reached skill level 11 in Fighting
  8756 | D:9      | Reached skill level 12 in Fighting
  8762 | D:9      | Reached ***** piety under Okawaru
  8768 | D:9      | Reached skill level 13 in Fighting
  8927 | D:9      | Reached skill level 1 in Dodging
  8928 | D:9      | Reached XP level 11. HP: 107/107 MP: 10/10
  9139 | D:9      | Found a runed translucent gate.
  9139 | D:9      | Found a runed translucent gate.
  9139 | D:9      | Found a runed translucent gate.
  9141 | D:9      | Found a viscous altar of Jiyva.
  9141 | D:9      | Noticed Vontreibholz's ghost (journeyman HOFi)
  9390 | D:9      | Found a hazy altar of Hepliaklqana.
  9669 | D:10     | Entered Level 10 of the Dungeon
  9670 | D:10     | Noticed Grum
  9717 | D:10     | Found a flagged portal.
  9724 | Bailey   | Entered a bailey
  9729 | Bailey   | Noticed an orc warlord
  9887 | Bailey   | Found a runed translucent gate.
  9890 | Bailey   | Found a runed translucent gate.
  9892 | Bailey   | Found a runed translucent gate.
 10082 | Bailey   | Killed an orc warlord
 10083 | Bailey   | Reached skill level 14 in Fighting
 10116 | Bailey   | Acquired 689 gold pieces
 10145 | D:10     | Noticed a two-headed ogre
 10152 | D:10     | Killed a two-headed ogre
 10319 | D:10     | Noticed Josephine
 10341 | D:10     | Killed Josephine
 10342 | D:10     | Reached skill level 15 in Fighting
 10342 | D:10     | Reached skill level 5 in Dodging
 10391 | D:10     | Killed Grum
 10495 | D:10     | Received a gift from Okawaru
 10634 | D:10     | Found a shimmering altar of Xom.
 10785 | D:10     | Found a runed translucent gate.
 10785 | D:10     | Found a runed translucent gate.
 10789 | D:10     | Found a runed translucent gate.
 10790 | D:10     | Reached skill level 16 in Fighting
 10940 | D:10     | Noticed utbildad's ghost (journeyman OpEE)
 11021 | D:10     | Noticed an orange crystal statue
 11032 | D:10     | Noticed a two-headed ogre
 11043 | D:10     | Killed a two-headed ogre
 11211 | D:10     | Found a staircase to the Lair.
 11748 | D:11     | Reached skill level 17 in Fighting
 11850 | D:11     | Reached XP level 12. HP: 120/125 MP: 11/11
 11967 | D:11     | Reached ****** piety under Okawaru
 12059 | D:11     | Noticed a two-headed ogre
 12063 | D:11     | Killed a two-headed ogre
 12505 | D:12     | Found Imaceadgh's Weapon Emporium.
 12505 | D:12     | Found a staircase to the Orcish Mines.
 12740 | D:12     | Received a gift from Okawaru
 13576 | Lair:1   | Entered Level 1 of the Lair of Beasts
 13613 | Lair:1   | Found a runed translucent gate.
 13613 | Lair:1   | Found a runed translucent gate.
 13617 | Lair:1   | Found a runed translucent gate.
 13617 | Lair:1   | Noticed a minotaur
 13620 | Lair:1   | Noticed pzskc383's ghost (journeyman GrFi)
 14102 | Lair:1   | Received a gift from Okawaru
 14426 | Lair:1   | Identified the ring "Amiusics" {EV+5 Str+3 Dex+3}
 14904 | Lair:1   | Killed pzskc383's ghost
 14905 | Lair:1   | Reached skill level 18 in Fighting
 14913 | Lair:1   | Killed a minotaur
 15212 | Lair:2   | Reached skill level 10 in Dodging
 15386 | Lair:2   | Found a hole to the Spider Nest.
 15516 | Lair:2   | Received a gift from Okawaru
 16263 | Lair:3   | Reached skill level 1 in Evocations
 16404 | Lair:3   | Reached XP level 13. HP: 136/136 MP: 12/12
 16584 | Lair:3   | Found a staircase to the Swamp.
 17648 | Lair:4   | Received a gift from Okawaru
 17969 | Lair:4   | Reached skill level 19 in Fighting
 18246 | Lair:4   | You fall into a shaft and drop 1 floor!
 18246 | Lair:5   | Entered Level 5 of the Lair of Beasts
 18283 | Lair:5   | Reached skill level 10 in Shields
 19480 | Lair:5   | Received a gift from Okawaru
 19619 | Lair:5   | Reached skill level 5 in Evocations
 20026 | Lair:5   | Reached skill level 20 in Fighting
 20236 | Lair:5   | Received a gift from Okawaru
 20296 | Lair:5   | Noticed a dire elephant
 20322 | Lair:5   | Killed a dire elephant
 20323 | Lair:5   | Reached skill level 1 in Throwing
 20687 | Lair:5   | Reached XP level 14. HP: 148/148 MP: 13/13
 20827 | Lair:5   | Found a viscous altar of Jiyva.
 20827 | Lair:5   | Found a staircase to the Slime Pits.
 21255 | Orc:1    | Entered Level 1 of the Orcish Mines
 21337 | Orc:2    | Entered Level 2 of the Orcish Mines
 21632 | Orc:1    | Reached skill level 21 in Fighting
 21924 | Orc:1    | Received a gift from Okawaru
 22670 | Orc:2    | Noticed Maurice
 22684 | Orc:2    | Killed Maurice
 22728 | Orc:2    | Found a staircase to the Elven Halls.
 23124 | Orc:2    | Identified the +2 hat "Gosal" {Str-4 Int+3}
 23490 | Orc:2    | Received a gift from Okawaru
 23792 | Orc:2    | Found Loxuhat's Antique Weapon Boutique.
 23792 | Orc:2    | Found Hurhiomm's Armour Emporium.
 23794 | Orc:2    | Found Mosoj's Jewellery Shoppe.
 23796 | Orc:2    | Found Ichaned's Armour Shop.
 24000 | D:13     | Noticed Sonja
 24003 | D:13     | Noticed Kirke
 24011 | D:13     | Slain by Sonja

Illustrated notes

Levels and vault maps discovered:
D:1:      dpeg_arrival_tiny_j, layout_loops_corners, minmay_misc_feat_tower,
          minmay_misc_feat_plants, minmay_close_crescents
D:2:      layout_basic, basic_altar, uniq_crazy_yiuf_cottage, uniq_sigmund
D:3:      layout_basic, fedhas_altar_1, mainiacjoe_overflow_alcove_1
D:4:      layout_cave_pools, uniq_ijyb, uniq_duvessa
D:5:      layout_basic, serial_shops, nicolae_shop_window_shopping,
          grunt_decor_clamped, uniq_menkaure, uniq_blork_the_orc
D:6:      kennysheep_slugbush, layout_basic,
          mainiacjoe_overflow_small_starburst, zin_treasury
D:7:      layout_loops_ring, minmay_temple_entry_offerings
D:8:      layout_cave_pools, serial_shops, shop, uniq_gastronok, uniq_maggie,
          uniq_jeremiah
D:9:      layout_stronghold, nicolae_hepliaklqana_monster_ancestors,
          gammafunk_ghost_ooze, serial_bayou_pond_c, hangedman_incinerator
D:10:     layout_long_grid, xom_butterflies, grunt_lair_entry_orc_guard_hut,
          enter_bailey_3, gammafunk_ghost_icy, minivault_16, uniq_grum,
          uniq_josephine
D:11:     minmay_angry_zag, layout_loops_ring, minivault_1
D:12:     layout_roguey, orc_david_3
D:13:     layout_gridville, david_vaults_5, gammafunk_ghost_arena,
          serial_bayou_pond_c, uniq_erolcha, uniq_rupert, uniq_kirke, uniq_sonja
Temple:   eino_temple_rhombus
Lair:1:   layout_roguey, maelrawn_ghost_gauntlet_escape,
          chequers_serial_rivers_marsh, serial_bayou_shore_b,
          grunt_megastairs_1, serial_bayou_shore_a, infiniplex_staircase_pool
Lair:2:   layout_small_grid, nicolae_spider_entry_tight_spaces,
          hibernation_bobbens, lemuel_fruit_fields
Lair:3:   layout_cave_pods, skrybe_swamp_entry_bodies, lemuel_fruit_tree
Lair:4:   layout_cave_pods
Lair:5:   grunt_lair_end_beastmaster, layout_regular_city,
          dpeg_slime_entry_enclosed, minivault_25, serial_bayou_shore_b
Orc:1:    layout_caves
Orc:2:    st_orc_rangers, layout_caves, hangedman_minor_magic, uniq_maurice

Skill      XL: |  1  2  3  4  5  6  7  8  9 10 11 12 13 14 |
---------------+-------------------------------------------+-----
Polearms       | 3 5 6 7 9 12 14 | 14.0
Armour         | 4 5 6 7 9 10 | 10.8
Fighting       | 4 5 6 7 10 13 17 18 20 21 | 21.4
Shields        | 4 5 8 10 | 10.0
Dodging        | 1 7 10 | 10.7
Evocations     | 1 5 |  5.0
Throwing       | 1 3 |  3.9

Action                     |  1- 3 |  4- 6 |  7- 9 | 10-12 | 13-15 || total
---------------------------+-------+-------+-------+-------+-------++-------
  Melee: Trident           |    97 |   114 |   287 |   790 |   716 ||  2004
         Headbutt          |     8 |    12 |    34 |   138 |   169 ||   361
         Unarmed           |       |       |       |       |     5 ||     5
 Invoke: Heroism           |       |       |       |     1 |       ||     1
  Evoke: Wand              |       |       |     5 |    11 |       ||    16
    Use: Scroll            |     3 |     2 |    12 |    10 |     3 ||    30
         Potion            |     1 |       |     7 |     1 |       ||     9
   Stab: Invisible         |       |       |     2 |       |       ||     2
 Armour: Scale mail        |    16 |       |       |       |       ||    16
         Chain mail        |    16 |    56 |    68 |       |       ||   140
         Plate armour      |       |       |    49 |   236 |   365 ||   650
         Skin              |       |       |       |       |    15 ||    15
  Dodge: Dodged            |    33 |    34 |   102 |   218 |   473 ||   860
  Block: Buckler           |    12 |    17 |    62 |    69 |       ||   160
         Kite shield       |       |       |       |    86 |   563 ||   649

Table legend: (Time is in decaauts)
 A = Elapsed time spent in this place.
 B = Non-inter-level travel time spent in this place.
 C = Inter-level travel time spent in this place.
 D = Time resting spent in this place.
 E = Time spent auto-exploring this place.
 F = Levels seen in this place.
 G = Mean time per level.
                   A        B        C        D        E       F      G
               +--------+--------+--------+--------+--------+-----+--------+
         Total |  23576 |  22656 |    920 |   4134 |   5449 |  22 | 1071.6 |
       Dungeon |  13047 |  12465 |    582 |   1825 |   3023 |  13 | 1003.6 |
        Temple |     12 |      7 |      5 |      0 |      0 |   1 |   12.0 |
          Lair |   7462 |   7186 |    276 |   1259 |   1893 |   5 | 1492.4 |
  Orcish Mines |   2658 |   2602 |     56 |   1042 |    449 |   2 | 1329.0 |
        Bailey |    396 |    396 |      0 |      8 |     83 |   1 |  396.0 |
               +--------+--------+--------+--------+--------+-----+--------+

Top non-repeatable levels by time:
  Lair:5: 1806 daAuts
  Lair:4: 1722 daAuts
  Lair:1: 1611 daAuts
   Orc:1: 1544 daAuts
    D:10: 1446 daAuts
     D:9: 1377 daAuts
  Lair:3: 1313 daAuts
     D:3: 1195 daAuts
   Orc:2: 1113 daAuts
     D:2: 1104 daAuts
    D:11: 1091 daAuts
     D:8: 1089 daAuts
     D:4: 1046 daAuts
  Lair:2: 1007 daAuts
     D:5: 954 daAuts
